 Dungeon Crawl Stone Soup version 0.28-a0-863-g8cecda6153 (webtiles) character file.

Game seed: 13841456330648035212

129159 wakim the Warrior (level 17, -12/142 HPs)
             Began as a Gnoll Wanderer on Nov 19, 2021.
             Was the Champion of Zin.
             Mangled by a white very ugly thing (50 damage)
             ... in an ice cave.
             The game lasted 02:12:09 (34157 turns).

wakim the Warrior (Gnoll Wanderer)                 Turns: 34157, Time: 02:12:10

Health: -12/142    AC: 28    Str: 18    XL:     17   Next: 5%
Magic:  32/32      EV: 13    Int: 11    God:    Zin [******]
Gold:   1847       SH: 13    Dex: 19    Spells: 30/38 levels left

rFire   . . .      SeeInvis +   d - +3 spear "Trog's Brutal Revenge" {spect, rC+}
rCold   . . .      Faith    .   P - +0 kite shield
rNeg    . . .      Spirit   .   s - +6 chain mail of the Stone Wall {+Blink rC- Slay+6}
rPois   .          Reflect  .   K - +1 helmet {Int+3}
rElec   .          Harm     .   w - +0 cloak
rCorr   .          Rampage  .   o - +1 pair of gloves {Dex+3}
Will    +....                   p - +2 pair of boots
Stlth   ++........              Y - amulet of regeneration
HPRegen 1.33/turn               e - +4 ring of slaying
MPRegen 0.23/turn               l - ring of see invisible

@: reciting
A: fangs 1, strong nose, distributed training
a: Renounce Religion, Evoke Blink, Recite, Vitalisation, Imprison, Sanctuary,
Donate Gold


You were in an ice cave.
You worshipped Zin.
Zin was exalted by your worship.
You visited 5 branches of the dungeon, and saw 27 of its levels.
You also visited: Ice Cave.

You collected 2108 gold pieces.
You spent 67 gold pieces at shops.
You donated 194 gold pieces to Zin.

Inventory:

Hand Weapons
 a - the +8 trident of Instant Death {freeze, rElec rPois rF+}
   (You found it on level 6 of the Lair of Beasts)

   It freezes those it strikes, dealing additional cold damage.
   It can also slow down cold-blooded creatures.
   rF:        It protects you from fire.
   rElec:     It insulates you from electricity.
   rPois:     It protects you from poison.
 b - a +0 hand crossbow
 c - a +2 dagger of venom
 d - the +3 spear "Trog's Brutal Revenge" (weapon) {spect, rC+}
   (You found it on level 12 of the Dungeon)

   When its wielder attacks, the weapon's spirit leaps out and strikes again.
   The spirit shares a part of any damage it takes with its wielder.
   rC:        It protects you from cold.
 y - a +2 dagger of electrocution
Missiles
 i - 4 curare-tipped darts {=f}
 q - 2 throwing nets {=f!f}
 E - 3 boomerangs of dispersal {=f!f}
 L - 194 bolts
Armour
 o - a +1 pair of gloves of dexterity (worn)
 p - a +2 pair of boots (worn)
 s - the +6 chain mail of the Stone Wall (worn) {+Blink rC- Slay+6}
   (You found it on level 6 of the Lair of Beasts)

   Slay:      It affects your accuracy & damage with ranged weapons and melee
   (+6).
   rC:        It makes you vulnerable to cold.
   +Blink:    It lets you blink.
 w - a +0 cloak (worn)
 K - a +1 helmet of intelligence (worn)
 P - a +0 kite shield (worn)
Jewellery
 e - a +4 ring of slaying (left hand)
 h - a +4 ring of evasion
 l - a ring of see invisible (right hand)
 n - an amulet of faith
 r - a ring of positive energy
 Y - an amulet of regeneration (around neck)
Wands
 k - a wand of flame (56)
 t - a wand of digging (6)
 u - a wand of mindburst (5)
 x - a wand of iceblast (12)
Scrolls
 f - a scroll of summoning {unknown}
 j - 4 scrolls of enchant weapon
 z - 3 scrolls of enchant armour
 R - 4 scrolls of magic mapping {!r}
 T - 13 scrolls of teleportation
 U - 6 scrolls of fear
 W - 3 scrolls of holy word
 X - 3 scrolls of fog
 Z - 2 scrolls of silence {!r}
Potions
 A - 2 potions of ambrosia
 B - 8 potions of attraction {!q}
 C - 6 potions of berserk rage {!q}
 F - 10 potions of curing
 G - 4 potions of flight
 H - 5 potions of haste
 I - a potion of invisibility
 J - 4 potions of heal wounds
 N - 3 potions of might
 O - 3 potions of resistance
Miscellaneous
 g - a tin of tremorstones (1/2)
 m - a phantom mirror
 v - a lightning rod (1/4)


   Skills:
 + Level 15.1 Fighting
 + Level 11.3 Short Blades
 + Level 11.3 Long Blades
 + Level 11.3 Axes
 + Level 11.3 Maces & Flails
 + Level 11.3 Polearms
 + Level 11.3 Staves
 + Level 11.3 Slings
 + Level 11.3 Bows
 + Level 11.3 Crossbows
 + Level 11.3 Throwing
 + Level 11.3 Armour
 + Level 11.6 Dodging
 + Level 11.6 Stealth
 + Level 11.6 Shields
 + Level 12.2 Unarmed Combat
 + Level 11.3 Spellcasting
 + Level 9.6 Conjurations
 + Level 9.6 Hexes
 + Level 9.6 Summonings
 + Level 9.6 Necromancy
 + Level 9.6 Translocations
 + Level 9.6 Transmutations
 + Level 9.6 Fire Magic
 + Level 9.6 Ice Magic
 + Level 9.6 Air Magic
 + Level 9.6 Earth Magic
 + Level 9.6 Poison Magic
 + Level 12.3 Invocations
 + Level 11.3 Evocations


You had 30 spell levels left.
You knew the following spells:

 Your Spells              Type           Power      Damage    Failure   Level
a - Teleport Other        Tloc           27%        N/A       8%          3
s - Swiftness             Air            27%        N/A       8%          3
B - Blink                 Tloc           54%        N/A       4%          2

Your spell library contained the following spells:

 Spells                   Type           Power      Damage    Failure   Level
 Animate Skeleton         Necr           54%        N/A       2%          1
 Apportation              Tloc           54%        N/A       2%          1
 Magic Dart               Conj           100%       1d8       2%          1
 Summon Small Mammal      Summ           100%       N/A       2%          1
 Call Imp                 Summ           27%        N/A       4%          2
 Passwall                 Tmut/Erth      22%        N/A       4%          2
 Gell's Gravitas          Tloc           27%        N/A       8%          3
 Ignite Poison            Fire/Tmut/Pois 27%        N/A       8%          3
 Lesser Beckoning         Tloc           27%        N/A       8%          3
 Mephitic Cloud           Conj/Pois/Air  27%        N/A       8%          3
 Spider Form              Tmut/Pois      27%        N/A       8%          3
 Leda's Liquefaction      Hex/Erth       13%        N/A       26%         4
 Iskenderun's Battlesphe  Conj           27%        2d8       58%         5
 Lee's Rapid Deconstruct  Erth           13%        3d10*     58%         5
 Manifold Assault         Tloc           27%        N/A       58%         5
 Dispersal                Tloc           13%        N/A       99%         6
 Iron Shot                Conj/Erth      13%        9d3       99%         6
 Statue Form              Tmut/Erth      18%        N/A       99%         6
 Spellforged Servitor     Conj/Summ      13%        N/A       100%        7
 Disjunction              Tloc           13%        N/A       100%        8
 Chain Lightning          Conj/Air       13%        3d18      100%        9
 Fire Storm               Conj/Fire      13%        8d4       100%        9
 Shatter                  Erth           13%        3d14*     100%        9


Dungeon Overview and Level Annotations

Branches:
Dungeon (15/15)            Temple (1/1) D:6            Lair (6/6) D:9
 Shoals (0/4) Lair:3        Snake (3/4) Lair:3        Slime (0/5) Lair:5
    Orc (2/2) D:12            Elf (0/3) Orc:2        Vaults (0/5) D:13
 Depths (0/4) D:15          IceCv (1/1)

Altars:
Ashenzari
Cheibriados
Dithmenos
Elyvilon
Fedhas
Gozag
Hepliaklqana
Kikubaaqudgha
Makhleb
Nemelex Xobeh
Okawaru
Qazlal
Ru
Sif Muna
Trog
Uskayaw
Vehumet
Wu Jian
Xom
Yredelemnul
Zin
The Shining One
Beogh
Jiyva

Shops:
D:1 =   Orc:2 [([

Annotations:
IceCv exclusion: orange crystal statue


Innate Abilities, Weirdness & Mutations

You have very sharp teeth.
Your uncanny sense of smell can sniff out nearby items.
Your experience applies equally to all skills.


Message History

Your +3 spear "Trog's Brutal Revenge" {spect, rC+} hits the freezing wraith.
The freezing wraith hits you! The freezing wraith freezes you!
The freezing wraith hits you but does no damage.
You puncture the freezing wraith!
The freezing wraith is severely damaged.
Your +3 spear "Trog's Brutal Revenge" {spect, rC+} hits the freezing wraith but does no damage.
You puncture the freezing wraith! Your bite misses the freezing wraith.
The freezing wraith is almost destroyed.
Your +3 spear "Trog's Brutal Revenge" {spect, rC+} hits the freezing wraith!
The freezing wraith hits your +3 spear "Trog's Brutal Revenge" {spect, rC+} but does no damage.
The freezing wraith closely misses your +3 spear "Trog's Brutal Revenge" {spect, rC+}.
You catch the helpless freezing wraith completely off-guard!
You hit the freezing wraith.
You destroy the freezing wraith!
There is a transporter here.
You start resting.
The orange crystal statue glitters topaz in the dim dungeon light.
HP restored.
You start waiting.
The alligator simulacrum dissolves into shadows!
The ettin simulacrum dissolves into shadows!
The anaconda simulacrum dissolves into shadows!
The golden dragon simulacrum dissolves into shadows!
The orange crystal statue glitters topaz in the dim dungeon light. x2
Done waiting.
You enter the transporter and appear at another place.
You block the white very ugly thing's attack.
The white very ugly thing gores you! The white very ugly thing freezes you!!
The white very ugly thing gores you!
The white very ugly thing freezes you!!!
* * * LOW HITPOINT WARNING * * *
There is a transporter, spattered with blood here.
You enter the transporter and appear at another place.
The white very ugly thing barely misses you.
You clear your throat and prepare to recite. "Damned, damned be the unbelievers and..."
The white very ugly thing gores you!
* * * LOW HITPOINT WARNING * * *
The white very ugly thing freezes you!!!
You die...

##.........##
#.....∩.....#
#.....÷.....#
##...........##
#.............#
#....8...8....#
#.............#
##....!.u....##
#.....@.)...#
##...8©8...##
###########
##8..©..8##
##8.......8##
#8.........8##
#.....[)$.....#
#∩...?=8)(...§#
###############


You could see a white very ugly thing and an orange crystal statue.

Vanquished Creatures
  Roxanne (Snake:2)
  An orc warlord (Orc:2)
  A very ugly thing (IceCv)
  2 dire elephants (Lair:6)
  The ghost of Cishun the Martial Artist, a journeyman DsFi of Wu Jian (D:12)
  A great orb of eyes (D:15)
  4 vault guards (D:13)
  7 hydras
  A rakshasa (D:15)
  10 naga warriors
  4 boulder beetles
  Erolcha (D:11)
  2 centaur warriors
  3 anacondas (Lair:3)
  9 death yaks
  3 two-headed ogres
  A death knight (D:13)
  3 tengu warriors
  4 naga sharpshooters
  2 orc high priests (Orc:2)
  A shock serpent (Snake:3)
  Sonja (D:13)
  7 skeletal warriors
  A fire crab (Lair:6)
  A spectral anaconda (Lair:6)
  4 naga ritualists
  A lindwurm (Lair:6)
  2 deep elf archers (D:15)
  8 orc knights
  An obsidian statue (Lair:6)
  6 mana vipers
  8 deep elf pyromancers
  4 necromancers (Lair:6)
  13 ugly things
  3 cyclopes
  3 salamanders
  3 manticores
  An orc sorcerer (Orc:2)
  The ghost of vineage the Cudgeller, a novice GrFi (D:5)
  21 elephants
  6 naga magi
  24 black mambas
  11 cane toads
  2 gargoyles
  A dire elephant skeleton (Lair:6)
  2 anaconda simulacra (IceCv)
  2 unseen horrors (D:12)
  A tengu conjurer (D:13)
  12 komodo dragons
  A kobold demonologist (D:13)
  4 freezing wraiths
  9 meliai (D:15)
  A wind drake (Lair:3)
  8 trolls
  3 polar bears
  11 slime creatures
  A spectral elephant (Lair:6)
  19 blink frogs
  A centaur simulacrum (D:13)
  5 shadows
  4 wraiths
  32 yaks
  2 wyverns (Lair:4)
  A dire elephant simulacrum (IceCv)
  2 steam dragons (Lair:4)
  3 vampires
  A death yak simulacrum (Lair:6)
  A basilisk (Lair:1)
  9 vampire mosquitoes
  3 wargs
  2 spectral cane toads (Lair:6)
  An acid dragon (D:13)
  19 nagas
  10 water moccasins
  61 orc warriors
  3 ice beasts
  An ettin simulacrum (IceCv)
  A hornet zombie (D:8)
  An elephant zombie (Lair:6)
  2 alligator simulacra (IceCv)
  22 centaurs
  A necrophage (D:5)
  3 ogres
  An ogre (shapeshifter) (D:15)
  3 kobold brigands
  7 bullfrogs
  3 scorpions
  A cane toad simulacrum (Lair:6)
  An elephant simulacrum (Lair:6)
  13 killer bees
  2 vampire bats (D:7)
  5 wights (D:9)
  2 electric eels
  2 lindwurm simulacra (IceCv)
  6 howler monkeys
  3 centaur zombies
  A bullfrog zombie (D:5)
  3 hounds
  3 jellies
  A gnoll shaman (D:7)
  24 orc priests
  Terence (D:3)
  2 iguanas
  28 orc wizards
  7 hell rats (Lair:3)
  2 killer bee zombies
  2 hound skeletons (D:4)
  2 howler monkey skeletons
  8 gnolls
  7 adders
  2 shadow imps
  2 white imps
  2 ufetubi
  An adder zombie (D:5)
  2 adder skeletons (D:4)
  3 worms (D:2)
  A dart slug (D:5)
  134 orcs
  11 bats
  2 bat zombies (D:9)
  7 endoplasms
  3 giant cockroaches
  6 goblins
  7 hobgoblins
  11 jackals
  4 quokkas
  9 ball pythons
  2 frilled lizards
  41 kobolds
  6 rats
  A rat zombie (D:9)
857 creatures vanquished.

Vanquished Creatures (others)
  A deep elf knight (D:15)
  An orc (Orc:2)
  29 fungi
  106 plants
  18 withered plants (Lair:6)
155 creatures vanquished.

Grand Total: 1012 creatures vanquished

Notes
Turn   | Place    | Note
-------+----------+-------------------------------------------
     0 | D:1      | Reached skill level 10 in Fighting
     0 | D:1      | wakim the Gnoll Wanderer began the quest for the Orb.
     0 | D:1      | wakim set off with the following items: a +0 spear, a +0
                  | robe, a potion of berserk rage {!q}, a potion of curing, a
                  | potion of heal wounds
     0 | D:1      | Reached XP level 1. HP: 29/29 MP: 1/1
   173 | D:1      | Reached XP level 2. HP: 36/36 MP: 2/2
   418 | D:1      | Reached XP level 3. HP: 36/42 MP: 3/3
   624 | D:1      | Found Kofyog's Jewellery Shoppe.
   823 | D:2      | Reached skill level 1 in Invocations
   866 | D:2      | Found a faded altar of an unknown god.
  1481 | D:2      | Reached skill level 1 in Short Blades
  1481 | D:2      | Reached skill level 1 in Long Blades
  1481 | D:2      | Reached skill level 1 in Axes
  1481 | D:2      | Reached skill level 1 in Maces & Flails
  1481 | D:2      | Reached skill level 1 in Polearms
  1481 | D:2      | Reached skill level 1 in Staves
  1481 | D:2      | Reached skill level 1 in Slings
  1481 | D:2      | Reached skill level 1 in Bows
  1481 | D:2      | Reached skill level 1 in Crossbows
  1481 | D:2      | Reached skill level 1 in Throwing
  1481 | D:2      | Reached skill level 1 in Armour
  1481 | D:2      | Reached skill level 1 in Spellcasting
  1481 | D:2      | Reached skill level 1 in Evocations
  1914 | D:3      | Reached XP level 4. HP: 43/48 MP: 5/5
  1964 | D:3      | Reached skill level 1 in Conjurations
  1964 | D:3      | Reached skill level 1 in Hexes
  1964 | D:3      | Reached skill level 1 in Summonings
  1964 | D:3      | Reached skill level 1 in Necromancy
  1964 | D:3      | Reached skill level 1 in Translocations
  1964 | D:3      | Reached skill level 1 in Transmutations
  1964 | D:3      | Reached skill level 1 in Fire Magic
  1964 | D:3      | Reached skill level 1 in Ice Magic
  1964 | D:3      | Reached skill level 1 in Air Magic
  1964 | D:3      | Reached skill level 1 in Earth Magic
  1964 | D:3      | Reached skill level 1 in Poison Magic
  2028 | D:3      | Reached XP level 5. HP: 38/54 MP: 5/7
  2056 | D:3      | Noticed Terence
  2072 | D:3      | Killed Terence
  2532 | D:3      | Reached XP level 6. HP: 45/61 MP: 8/8
  3182 | D:4      | Found an ornate altar of the Wu Jian Council.
  3182 | D:4      | Found a sacrificial altar of Ru.
  3182 | D:4      | Found a shimmering altar of Xom.
  3280 | D:4      | Reached skill level 5 in Unarmed Combat
  3941 | D:4      | Noticed a water moccasin
  3959 | D:4      | Killed a water moccasin
  3960 | D:4      | Reached XP level 7. HP: 57/67 MP: 10/10
  4959 | D:5      | Entered Level 5 of the Dungeon
  4987 | D:5      | Reached XP level 8. HP: 69/74 MP: 12/12
  5226 | D:5      | Found a snail-covered altar of Cheibriados.
  6465 | D:5      | Found a runed translucent gate.
  6465 | D:5      | Found a runed translucent gate.
  6465 | D:5      | Found a runed translucent gate.
  6465 | D:5      | Noticed vineage's ghost (novice GrFi)
  6466 | D:5      | Found a basalt altar of Yredelemnul.
  6518 | D:5      | Reached skill level 11 in Fighting
  6754 | D:6      | Found a staircase to the Ecumenical Temple.
  6813 | Temple   | Entered the Ecumenical Temple
  7187 | Temple   | Became a worshipper of Zin the Law-Giver
  7187 | Temple   | Reached * piety under Zin
  7256 | D:6      | Reached XP level 9. HP: 76/81 MP: 14/14
  8326 | D:7      | Reached skill level 5 in Dodging
  8326 | D:7      | Reached skill level 5 in Shields
  8453 | D:7      | Reached ** piety under Zin
  8468 | D:7      | Reached skill level 5 in Stealth
  8684 | D:8      | Noticed a komodo dragon
  8754 | D:8      | Killed a komodo dragon
  8953 | D:8      | Reached skill level 5 in Invocations
  9612 | D:8      | Reached XP level 10. HP: 88/88 MP: 17/17
  9882 | D:9      | Found a shadowy altar of Dithmenos.
  9991 | D:9      | Reached skill level 5 in Short Blades
  9991 | D:9      | Reached skill level 5 in Long Blades
  9991 | D:9      | Reached skill level 5 in Axes
  9991 | D:9      | Reached skill level 5 in Maces & Flails
  9991 | D:9      | Reached skill level 5 in Polearms
  9991 | D:9      | Reached skill level 5 in Staves
  9991 | D:9      | Reached skill level 5 in Slings
  9991 | D:9      | Reached skill level 5 in Bows
  9991 | D:9      | Reached skill level 5 in Crossbows
  9991 | D:9      | Reached skill level 5 in Throwing
  9991 | D:9      | Reached skill level 5 in Armour
  9991 | D:9      | Reached skill level 5 in Spellcasting
  9991 | D:9      | Reached skill level 5 in Evocations
 10091 | D:8      | HP: 4/88 [killer bee (4)]
 10876 | D:9      | Found a staircase to the Lair.
 11005 | D:9      | Found a white marble altar of Elyvilon.
 11123 | D:9      | Found an ancient bone altar of Kikubaaqudgha.
 11512 | D:10     | Entered Level 10 of the Dungeon
 11515 | D:10     | Found a shimmering blue altar of Sif Muna.
 11590 | D:10     | Reached *** piety under Zin
 11697 | D:10     | Noticed a gargoyle
 11713 | D:10     | Killed a gargoyle
 11759 | D:10     | Noticed a two-headed ogre
 11776 | D:10     | Killed a two-headed ogre
 11777 | D:10     | Reached XP level 11. HP: 47/95 MP: 19/19
 11949 | D:10     | Reached skill level 12 in Fighting
 11949 | D:10     | Reached skill level 5 in Conjurations
 11949 | D:10     | Reached skill level 5 in Hexes
 11949 | D:10     | Reached skill level 5 in Summonings
 11949 | D:10     | Reached skill level 5 in Necromancy
 11949 | D:10     | Reached skill level 5 in Translocations
 11949 | D:10     | Reached skill level 5 in Transmutations
 11949 | D:10     | Reached skill level 5 in Fire Magic
 11949 | D:10     | Reached skill level 5 in Ice Magic
 11949 | D:10     | Reached skill level 5 in Air Magic
 11949 | D:10     | Reached skill level 5 in Earth Magic
 11949 | D:10     | Reached skill level 5 in Poison Magic
 12093 | D:10     | Found a blossoming altar of Fedhas.
 12868 | D:11     | Noticed a boulder beetle
 12888 | D:11     | Killed a boulder beetle
 13097 | D:11     | Noticed Erolcha
 13179 | D:11     | Killed Erolcha
 13319 | D:12     | HP: 3/95 [centaur/arrow (7)]
 13662 | D:12     | Noticed a two-headed ogre
 13691 | D:12     | Killed a two-headed ogre
 14166 | D:12     | Noticed a boulder beetle
 14194 | D:12     | Reached XP level 12. HP: 55/103 MP: 22/22
 14313 | D:12     | Found a staircase to the Orcish Mines.
 14351 | D:12     | Reached **** piety under Zin
 14641 | D:12     | HP: 3/103 [something (9)]
 14657 | D:12     | HP: 5/103 [yak (6)]
 15047 | D:12     | Killed a boulder beetle
 15115 | D:12     | Found a runed translucent gate.
 15117 | D:12     | Found a runed translucent gate.
 15119 | D:12     | Found a runed translucent gate.
 15120 | D:12     | Noticed Cishun's ghost (journeyman DsFi)
 15368 | D:13     | Noticed a tengu warrior
 15459 | D:12     | Killed a tengu warrior
 15588 | Lair:1   | Entered Level 1 of the Lair of Beasts
 15794 | Lair:1   | Noticed a death yak
 17027 | Lair:1   | Noticed a death yak
 17028 | Lair:1   | Noticed a death yak
 17101 | D:9      | Killed a death yak
 17208 | D:9      | Killed a death yak
 17953 | Lair:2   | Got the Collected Works on Dislocated Contamination
 18005 | Lair:2   | Learned a level 2 spell: Blink
 18009 | Lair:2   | Learned a level 3 spell: Teleport Other
 18156 | Lair:2   | Killed a death yak
 18157 | Lair:2   | Reached XP level 13. HP: 76/109 MP: 24/24
 18763 | Lair:3   | Reached ***** piety under Zin
 18856 | Lair:3   | Found a staircase to the Shoals.
 18892 | Lair:3   | Reached skill level 13 in Fighting
 19011 | Lair:3   | Found a staircase to the Snake Pit.
 20052 | Lair:4   | You fall into a shaft and drop 1 floor!
 21054 | Lair:5   | Found a staircase to the Slime Pits.
 21055 | Lair:5   | Found a viscous altar of Jiyva.
 21452 | Lair:5   | Learned a level 3 spell: Swiftness
 21453 | Lair:6   | Entered Level 6 of the Lair of Beasts
 22004 | Lair:5   | Reached skill level 10 in Unarmed Combat
 22004 | Lair:5   | Reached XP level 14. HP: 91/118 MP: 26/26
 22579 | Lair:6   | Identified the +8 trident of Instant Death {freeze, rElec
                  | rPois rF+}
 22601 | Lair:6   | Reached skill level 10 in Invocations
 22710 | Lair:6   | Identified the +6 chain mail of the Stone Wall {+Blink rC-
                  | Slay+6}
 23081 | Lair:6   | Noticed a dire elephant
 23081 | Lair:6   | Noticed a dire elephant
 23376 | Lair:6   | Identified the +6 falchion "wakim's Curse" {freeze, *Rage
                  | rN+ Stlth+}
 23659 | Lair:6   | Killed a dire elephant
 23714 | Lair:6   | Killed a dire elephant
 24178 | D:5      | Killed vineage's ghost
 24420 | D:12     | Killed Cishun's ghost
 24492 | D:12     | Identified the +3 spear "Trog's Brutal Revenge" {spect,
                  | rC+}
 24587 | D:13     | Reached skill level 10 in Dodging
 24587 | D:13     | Reached skill level 10 in Shields
 24663 | D:13     | Reached skill level 10 in Stealth
 24806 | D:13     | Found a gate to the Vaults.
 24821 | D:13     | Reached skill level 14 in Fighting
 24830 | D:13     | Reached XP level 15. HP: 125/126 MP: 28/28
 24924 | D:13     | Noticed Sonja
 24926 | D:13     | Killed Sonja
 25523 | D:13     | Reached ****** piety under Zin
 25929 | D:14     | Reached skill level 10 in Short Blades
 25929 | D:14     | Reached skill level 10 in Long Blades
 25929 | D:14     | Reached skill level 10 in Axes
 25929 | D:14     | Reached skill level 10 in Maces & Flails
 25929 | D:14     | Reached skill level 10 in Polearms
 25929 | D:14     | Reached skill level 10 in Staves
 25929 | D:14     | Reached skill level 10 in Slings
 25929 | D:14     | Reached skill level 10 in Bows
 25929 | D:14     | Reached skill level 10 in Crossbows
 25929 | D:14     | Reached skill level 10 in Throwing
 25929 | D:14     | Reached skill level 10 in Armour
 25929 | D:14     | Reached skill level 10 in Spellcasting
 25929 | D:14     | Reached skill level 10 in Evocations
 27042 | D:15     | Entered Level 15 of the Dungeon
 27507 | D:15     | Identified the +4 quarterstaff of War {flame, Int+3}
 28380 | D:15     | Found a staircase to the Depths.
 28708 | Orc:1    | Entered Level 1 of the Orcish Mines
 28860 | Orc:1    | Reached XP level 16. HP: 113/134 MP: 30/30
 29399 | Orc:2    | Entered Level 2 of the Orcish Mines
 29520 | Orc:2    | Found a staircase to the Elven Halls.
 29680 | Orc:2    | Found Ethiell's Jewellery Shoppe.
 30168 | Orc:2    | Found Ohe Wut's Armour Shoppe.
 30173 | Orc:2    | Bought a +0 kite shield for 67 gold pieces
 30366 | Orc:2    | Paralysed by an orc sorcerer for 4 turns
 30380 | Orc:2    | Found Imnuam's Antique Armour Boutique.
 30383 | Orc:2    | Found Maol's Antique Weapon Shop.
 30718 | Snake:1  | Entered Level 1 of the Snake Pit
 32417 | Snake:2  | Noticed Roxanne
 32856 | Snake:2  | Reached skill level 15 in Fighting
 33678 | Snake:2  | Killed Roxanne
 33800 | Snake:3  | Found a frozen archway.
 33889 | IceCv    | Entered an ice cave
 33895 | IceCv    | Reached XP level 17. HP: 123/142 MP: 32/32
 33957 | IceCv    | Found a transporter.
 33974 | IceCv    | Found a transporter.
 34157 | IceCv    | Mangled by a white very ugly thing

Illustrated notes

Levels and vault maps discovered:
D:1:      mrwooster_arrival_arrow, layout_basic, serial_shops,
          nicolae_shop_behind_doors, corexii_item_surrounded_by_moat,
          minmay_shallow_snake_nest
D:2:      layout_basic, chequers_ecumenical_altar_simple, st_stairs_4
D:3:      layout_loops_cross, grunt_decor_clamped, minmay_misc_feat_x,
          uniq_terence
D:4:      layout_basic, grunt_temple_overflow_open
D:5:      layout_loops_cross, kennysheep_slug_shrine,
          nicolae_yredelemnul_ghost_church, abandoned_shop, nrook_mini_vaults
D:6:      layout_rooms, minmay_temple_entry_antechambers
D:7:      layout_rooms, roderic_batcave
D:8:      kennysheep_kobold_camp, layout_loops_cross
D:9:      layout_stronghold, nicolae_elyvilon_temple_path,
          lemuel_zombie_altar_kikubaaqudgha, mainiacjoe_overflow_paths,
          david_lair_shrubbed, amcnicky_mini_pool_medium
D:10:     layout_loops_ring, mainiacjoe_overflow_catch_the_wave, dk_vineyard_1
D:11:     layout_long_grid, uniq_erolcha
D:12:     layout_long_grid, hiddenorc2_lemuel, biasface_ghost_orc_armoury
D:13:     layout_irregular_city, lightli_vaults_fourway_checkpoint,
          hangedman_corner_corridor, uniq_sonja
D:14:     layout_grid_maze, minmay_misc_feat_rows
D:15:     gammafunk_enter_depths_forms, layout_basic, grunt_decor_fettered,
          ebering_dispersal_statue_hall, minmay_crystal_water
Temple:   hc_temple_tempest_star
Lair:1:   layout_cave_pods
Lair:2:   layout_chaotic_city, st_stairs_10, serial_bayou_shore_a
Lair:3:   layout_concentric_octagons, minmay_shoals_entry_beasts,
          guppyfry_snake_entry_garden, infiniplex_staircase_pool
Lair:4:   layout_regular_city, lemuel_fruit_fields
Lair:5:   layout_long_grid, slime_altar_1, grunt_megastairs_3
Lair:6:   due_jungle_book, layout_small_grid, grunt_megastairs_4
Snake:1:  layout_cave_shapes
Snake:2:  layout_cave_pods, special_room, grunt_megastairs_5, uniq_roxanne
Snake:3:  layout_concentric_octagons, portal_ice_cave_entry_pillars_1,
          nicolae_wooded_promenade
Orc:1:    layout_caves, special_room [special_room_orc]
Orc:2:    grunt_orc_community_town_hall, layout_diamond_mine,
          grunt_orc_community_big_house_1, grunt_orc_community_big_house_2,
          grunt_orc_community_house_2, grunt_orc_community_house_2,
          grunt_orc_community_house_3, grunt_orc_community_house_2,
          grunt_orc_community_house_1, grunt_orc_community_house_1
IceCv:    ice_cave_statue_garden_transporter

Skill      XL: |  1  2  3  4  5  6  7  8  9 10 11 12 13 14 15 16 |
---------------+-------------------------------------------------+-----
Fighting       | 11 12 13 14 15 | 15.1
Invocations    | 1 2 3 4 5 6 7 8 9 10 11 12 | 12.3
Short Blades   | 1 2 3 4 5 6 7 8 9 10 11 | 11.3
Long Blades    | 1 2 3 4 5 6 7 8 9 10 11 | 11.3
Axes           | 1 2 3 4 5 6 7 8 9 10 11 | 11.3
Maces & Flails | 1 2 3 4 5 6 7 8 9 10 11 | 11.3
Polearms       | 1 2 3 4 5 6 7 8 9 10 11 | 11.3
Staves         | 1 2 3 4 5 6 7 8 9 10 11 | 11.3
Slings         | 1 2 3 4 5 6 7 8 9 10 11 | 11.3
Bows           | 1 2 3 4 5 6 7 8 9 10 11 | 11.3
Crossbows      | 1 2 3 4 5 6 7 8 9 10 11 | 11.3
Throwing       | 1 2 3 4 5 6 7 8 9 10 11 | 11.3
Armour         | 1 2 3 4 5 6 7 8 9 10 11 | 11.3
Spellcasting   | 1 2 3 4 5 6 7 8 9 10 11 | 11.3
Evocations     | 1 2 3 4 5 6 7 8 9 10 11 | 11.3
Conjurations   | 1 2 3 4 5 6 7 8 9 |  9.6
Hexes          | 1 2 3 4 5 6 7 8 9 |  9.6
Summonings     | 1 2 3 4 5 6 7 8 9 |  9.6
Necromancy     | 1 2 3 4 5 6 7 8 9 |  9.6
Translocations | 1 2 3 4 5 6 7 8 9 |  9.6
Transmutations | 1 2 3 4 5 6 7 8 9 |  9.6
Fire Magic     | 1 2 3 4 5 6 7 8 9 |  9.6
Ice Magic      | 1 2 3 4 5 6 7 8 9 |  9.6
Air Magic      | 1 2 3 4 5 6 7 8 9 |  9.6
Earth Magic    | 1 2 3 4 5 6 7 8 9 |  9.6
Poison Magic   | 1 2 3 4 5 6 7 8 9 |  9.6
Dodging        | 3 4 5 6 7 8 9 10 11 | 11.6
Shields        | 3 4 5 6 7 8 9 10 11 | 11.6
Stealth        | 3 4 5 6 7 8 9 10 11 | 11.6
Unarmed Combat | 5 6 7 8 9 10 11 12 | 12.2

Action                   |  1- 3 |  4- 6 |  7- 9 | 10-12 | 13-15 | 16-18 || total
-------------------------+-------+-------+-------+-------+-------+-------++-------
Melee: Spear             |    30 |       |       |       |       |    38 ||    68
       Dagger            |    88 |   134 |   539 |   357 |   104 |       ||  1222
       Bite              |     8 |    14 |    64 |   117 |   211 |   109 ||   523
       Punch             |     3 |     3 |    18 |    20 |       |       ||    44
       Flail             |       |       |     4 |     5 |       |       ||     9
       Scimitar          |       |       |       |   452 |   530 |       ||   982
       Trident           |       |       |       |       |   763 |   709 ||  1472
 Fire: Hunting sling     |     6 |    58 |    98 |    25 |       |       ||   187
       Hand crossbow     |       |       |       |    18 |   101 |       ||   119
Throw: Stone             |     2 |       |       |       |       |       ||     2
       Dart              |       |       |       |    33 |     6 |       ||    39
 Cast: Teleport Other    |       |       |       |     2 |       |       ||     2
       Swiftness         |       |       |       |       |     1 |       ||     1
Invok: Vitalisation      |       |       |     1 |     3 |     3 |     2 ||     9
       Recite            |       |       |       |    15 |    22 |    20 ||    57
Evoke: Wand              |       |       |       |     8 |    30 |     1 ||    39
       Lightning rod     |       |       |       |       |     3 |     4 ||     7
       Tin of tremorston |       |       |       |       |     1 |     2 ||     3
  Use: Scroll            |       |       |     6 |    10 |     7 |     1 ||    24
       Potion            |       |       |       |     3 |       |       ||     3
 Stab: Sleeping          |     3 |     1 |     2 |     1 |     3 |     1 ||    11
       Distracted        |     1 |       |       |       |     1 |     2 ||     4
       Confused          |       |       |       |     4 |     5 |    14 ||    23
       Paralysed         |       |       |       |       |     8 |    26 ||    34
       Invisible         |       |       |       |       |     4 |     2 ||     6
Armor: Robe              |    17 |       |       |       |       |       ||    17
       Ring mail         |     7 |    40 |    71 |       |       |       ||   118
       Scale mail        |       |       |   149 |   461 |   371 |       ||   981
       Chain mail        |       |       |       |       |   333 |   243 ||   576
Dodge: Dodged            |    51 |    82 |   337 |   650 |   754 |   300 ||  2174
Block: Buckler           |       |       |       |    45 |   467 |    42 ||   554
       Kite shield       |       |       |       |       |       |   343 ||   343

Table legend: (Time is in decaauts)
 A = Elapsed time spent in this place.
 B = Non-inter-level travel time spent in this place.
 C = Inter-level travel time spent in this place.
 D = Time resting spent in this place.
 E = Time spent auto-exploring this place.
 F = Levels seen in this place.
 G = Mean time per level.
                   A        B        C        D        E       F      G
               +--------+--------+--------+--------+--------+-----+--------+
         Total |  33688 |  30890 |   2798 |   2291 |  20431 |  28 | 1203.1 |
       Dungeon |  20486 |  18494 |   1992 |   1186 |  12768 |  15 | 1365.7 |
        Temple |    396 |    365 |     31 |      0 |    345 |   1 |  396.0 |
          Lair |   8425 |   7885 |    540 |    733 |   4768 |   6 | 1404.2 |
     Snake Pit |   2362 |   2269 |     93 |    196 |   1388 |   3 |  787.3 |
  Orcish Mines |   1757 |   1616 |    141 |      3 |   1161 |   2 |  878.5 |
      Ice Cave |    259 |    259 |      0 |    172 |      0 |   1 |  259.0 |
               +--------+--------+--------+--------+--------+-----+--------+

Top non-repeatable levels by time:
    D:12: 2241 daAuts
  Lair:6: 1980 daAuts
     D:4: 1944 daAuts
     D:9: 1899 daAuts
     D:5: 1659 daAuts
    D:15: 1524 daAuts
  Lair:4: 1499 daAuts
     D:3: 1492 daAuts
  Lair:3: 1473 daAuts
     D:8: 1461 daAuts
 Snake:2: 1411 daAuts
  Lair:1: 1356 daAuts
    D:14: 1265 daAuts
    D:13: 1232 daAuts
    D:10: 1177 daAuts
